 Dungeon Crawl Stone Soup version 0.24-a0-725-gf1a930fc54 (webtiles) character file.

Game seed: 4450387397838493320, levelgen mode: deterministic

4594 DevastatorOne the Slicer (level 10, -2/63 HPs)
             Began as a Demonspawn Fighter on Oct 1, 2019.
             Was a Priest of Hepliaklqana.
             Succumbed to a killer bee's poison
             ... on level 8 of the Dungeon.
             The game lasted 00:12:28 (8232 turns).

DevastatorOne the Slicer (Demonspawn Fighter)       Turns: 8232, Time: 00:12:28

Health: -2/63      AC: 12    Str: 19    XL:     10   Next: 19%
Magic:  17/17      EV: 10    Int: 10    God:    Hepliaklqana [***...]
Gold:   414        SH:  9    Dex: 13    Spells: 9/9 levels left

rFire    + . .     SeeInvis .   b - +2 short sword (venom)
rCold    + . .     Gourm    .   c - +0 shield
rNeg     . . .     Faith    .   k - +0 ring mail
rPois    .         Spirit   .   (helmet restricted)
rElec    .         Reflect  .   m - +1 cloak {MR+}
rCorr    .         Harm     .   (no gloves)
MR       +....                  (no boots)
Stlth    +.........             n - amulet of magic regeneration
HPRegen  0.20/turn              s - +2 ring of slaying
MPRegen  0.40/turn              u - ring of flight

@: lethally poisoned (-2 -> -23), berserk cooldown
A: reduced essence, antennae 1, icy blue scales 3, demonic guardian 1, fire
resistance 1, ignite blood, flame cloud immunity
a: Recall Ancestor, Ancestor Identity, Transference, Renounce Religion, Evoke
Flight


You were on level 8 of the Dungeon.
You worshipped Hepliaklqana.
Hepliaklqana was most pleased with you.
You were not hungry.

You visited 2 branches of the dungeon, and saw 9 of its levels.

You collected 414 gold pieces.

Inventory:

Hand Weapons
 a - a +0 long sword
 b - a +2 short sword of venom (weapon)
Armour
 c - a +0 shield (worn)
 g - a +0 scale mail
 k - a +0 ring mail (worn)
 m - a +1 cloak of magic resistance (worn)
 y - a cursed -1 helmet
Jewellery
 n - an amulet of magic regeneration (around neck)
 s - a +2 ring of slaying (left hand)
 u - a ring of flight (right hand)
 C - an uncursed ring of fire {unknown}
 E - a +2 ring of dexterity {unknown}
Wands
 o - a wand of enslavement (5)
Scrolls
 h - 8 scrolls of teleportation {unknown}
 i - 3 scrolls of identify {unknown}
 j - 3 scrolls of amnesia {unknown}
 p - a scroll of magic mapping {unknown}
 r - 3 scrolls of enchant armour {unknown}
 x - a scroll of vulnerability {unknown}
 z - a scroll of remove curse {unknown}
 A - a scroll of enchant weapon {unknown}
 B - a scroll of fear {unknown}
 F - 2 scrolls of noise {unknown}
 I - a scroll of blinking {unknown}
Potions
 d - 2 potions of might
 e - 2 potions of agility
 l - a potion of berserk rage
 q - a potion of haste {unknown}
 t - a potion of cancellation
 v - a potion of invisibility {unknown}
 w - a potion of curing {unknown}
 D - a potion of magic {unknown}
 G - a potion of flight {unknown}
Comestibles
 f - 12 rations
 H - a chunk of flesh


   Skills:
 - Level 3.0 Fighting
 * Level 10.2(10.5) Short Blades
 - Level 3.8(7.6) Long Blades
 + Level 4.3 Armour
 + Level 3.2 Dodging
 - Level 2.6 Shields
 + Level 9.4 Invocations


You had 9 spell levels left.
You didn't know any spells.
Your spell library contained the following spells:

 Spells                   Type           Power        Failure   Level  Hunger
 Corona                   Hex            #......      97%         1    ##.....
 Ensorcelled Hibernation  Hex/Ice        #.....       99%         2    ###....
 Confuse                  Hex            #.......     100%        3    ####...
 Dazzling Spray           Conj/Hex       #.....       100%        3    ####...
 Tukima's Dance           Hex            #.......     100%        3    ####...


Dungeon Overview and Level Annotations

Branches:
Dungeon (8/15)             Temple (1/1) D:6
   Lair: D:8-11

Altars:
Ashenzari
Cheibriados
Dithmenos
Elyvilon
Fedhas
Gozag
Hepliaklqana
Kikubaaqudgha
Makhleb
Nemelex Xobeh
Okawaru
Qazlal
Ru
Sif Muna
Trog
Uskayaw
Vehumet
Wu Jian
Xom
Yredelemnul
Zin
The Shining One

Shops:
D:6 :

Annotations:
D:6 2 transporters, Sassnadas's ghost, amateur FoFi


Innate Abilities, Weirdness & Mutations

You have a pair of small antennae on your head.
You are completely covered in icy blue scales. (AC +4, rC+)
A weak demonic guardian rushes to your aid.
Your flesh is heat resistant. (rF+)
Your demonic aura causes spilled blood to erupt in flames.
You are immune to clouds of flame.
Your life essence is reduced to manifest your ancestor. (-10% HP)


Message History

You hear an angry buzzing noise.
* * * LOW HITPOINT WARNING * * *
You feel sick.
A killer bee comes into view.
You feel your anger nearly subside.
You are no longer berserk.
You are exhausted.
You feel yourself slow down.
* * * LOW HITPOINT WARNING * * *
You feel sick.
The killer bee buzzes angrily.
A killer bee comes into view.
* * * LOW HITPOINT WARNING * * *
You feel very sick. You block the killer bee's attack.
The killer bee closely misses you.
The killer bee completely misses your quasit.
It was a potion of cancellation.
Your magical effects are unravelling.
You feel magically purged.
You feel yourself speed up.
You feel a little less agile now.
You die...

.#.....##....#....)#.........#
.#.... #....#..........####.#
.#.######...............# #.#
.................)......# #.##
..........(.............####.....
..........##......yy°.R.R..(.....
..........##......y5.##.††.####..
.................y...##.R### .#
.<...÷.........y@....#...# #
#....)..#......#.....#..##
........#......#######...
........###.... #..# ........#
#.... #..# ..>.....# # ... ....
......#.# .. .... ......#.#
......#.#


You could see the friendly Ahmose the knight, 5 killer bees and a friendly
quasit.

Vanquished Creatures
  A hydra (D:8)
  A queen bee (D:8)
  A black bear (D:8)
  An ice beast (D:7)
  5 sky beasts
  An ogre (D:6)
  2 phantoms
  3 centaurs
  3 bullfrogs
  5 scorpions
  6 killer bees (D:8)
  2 wights (D:6)
  4 howler monkeys
  A jelly (D:6)
  6 hounds
  A gnoll shaman (D:6)
  2 orc priests (D:6)
  Crazy Yiuf (D:2)
  4 orc wizards
  2 centaur skeletons
  3 worker ants
  9 gnolls
  11 adders
  A shadow imp (D:5)
  4 oozes
  2 adder zombies (D:6)
  A worm (D:3)
  5 dart slugs
  6 leopard geckos
  10 orcs
  9 giant cockroaches
  14 goblins
  4 hobgoblins
  10 jackals
  8 kobolds
  5 quokkas
  A ball python (D:1)
  8 bats
  7 frilled lizards
  A giant cockroach zombie (D:3)
  A leopard gecko skeleton (D:7)
  7 rats
179 creatures vanquished.

Vanquished Creatures (collateral kills)
  A hungry ghost (D:8)
  A water moccasin (D:4)
  2 ice beasts
  A phantom (D:4)
  2 ogres
  A centaur (D:5)
  3 killer bees (D:8)
  2 wights (D:6)
  A crimson imp (D:8)
  A quasit (D:8)
  2 worker ants (D:6)
  A worker ant zombie (D:7)
  An adder (D:3)
  A shadow imp (D:8)
  A leopard gecko (D:8)
  2 orcs (D:6)
  2 giant cockroaches
  A goblin (D:3)
  2 jackals (D:6)
  A quokka skeleton (D:4)
29 creatures vanquished.

Vanquished Creatures (others)
  An ancestor (D:5)
1 creature vanquished.

Grand Total: 209 creatures vanquished

Notes
Turn   | Place    | Note
-------+----------+-------------------------------------------
     0 | D:1      | DevastatorOne the Demonspawn Fighter began the quest for
                  | the Orb.
     0 | D:1      | Reached XP level 1. HP: 18/18 MP: 1/1
   103 | D:1      | Gained mutation: You are partially covered in icy blue
                  | scales. (AC +2) [demonic ancestry]
   103 | D:1      | Reached XP level 2. HP: 13/24 MP: 2/2
   709 | D:1      | Gained mutation: Your flesh is heat resistant. (rF+)
                  | [demonic ancestry]
   709 | D:1      | Reached XP level 3. HP: 25/29 MP: 3/3
  1231 | D:2      | Reached skill level 1 in Short Blades
  1231 | D:2      | Gained mutation: You are immune to clouds of flame.
                  | [demonic ancestry]
  1231 | D:2      | Reached XP level 4. HP: 35/35 MP: 4/4
  1493 | D:2      | Found a runed translucent door.
  1494 | D:2      | Noticed Crazy Yiuf
  1562 | D:2      | Reached skill level 2 in Short Blades
  1562 | D:2      | Gained mutation: A weak demonic guardian rushes to your
                  | aid. [demonic ancestry]
  1562 | D:2      | Reached XP level 5. HP: 27/41 MP: 5/5
  1953 | D:2      | Found a burning altar of Makhleb.
  2202 | D:2      | Killed Crazy Yiuf
  2202 | D:2      | Reached skill level 3 in Short Blades
  2304 | D:3      | Found an ornate altar of the Wu Jian Council.
  2304 | D:3      | Found a hazy altar of Hepliaklqana.
  2306 | D:3      | Found a transporter.
  2314 | D:3      | Found a transporter.
  2386 | D:3      | Became a worshipper of Hepliaklqana the Forgotten
  2552 | D:3      | Noticed a phantom
  2571 | D:3      | Killed a phantom
  2571 | D:3      | Reached skill level 4 in Short Blades
  2571 | D:3      | Reached skill level 1 in Invocations
  2571 | D:3      | Gained mutation: You are mostly covered in icy blue scales.
                  | (AC +3) [demonic ancestry]
  2571 | D:3      | Reached XP level 6. HP: 21/42 MP: 5/7
  3297 | D:4      | Noticed a water moccasin
  3504 | D:4      | Reached * piety under Hepliaklqana
  3588 | D:4      | Found a basalt altar of Yredelemnul.
  3624 | D:4      | Killed a water moccasin
  3624 | D:4      | Reached skill level 5 in Short Blades
  3624 | D:4      | Gained mutation: Your demonic aura causes spilled blood to
                  | erupt in flames. [demonic ancestry]
  3624 | D:4      | Reached XP level 7. HP: 36/46 MP: 9/9
  4085 | D:5      | Entered Level 5 of the Dungeon
  4354 | D:5      | Reached skill level 6 in Short Blades
  4593 | D:5      | Found a shimmering altar of Xom.
  4671 | D:5      | Reached skill level 5 in Invocations
  4885 | D:5      | Gained mutation: You are completely covered in icy blue
                  | scales. (AC +4, rC+) [demonic ancestry]
  4885 | D:5      | Reached XP level 8. HP: 38/52 MP: 11/11
  5147 | D:6      | Reached ** piety under Hepliaklqana
  5148 | D:6      | Remembered your ancestor Ahmose as a knight
  5237 | D:6      | Reached skill level 7 in Short Blades
  5362 | D:6      | Found Sycvyzij's Book Emporium.
  5406 | D:6      | Found a staircase to the Ecumenical Temple.
  5458 | Temple   | Entered the Ecumenical Temple
  5540 | D:6      | Reached skill level 8 in Short Blades
  5935 | D:6      | Noticed a hornet
  5937 | D:6      | Noticed Sassnadas's ghost (amateur FoFi)
  5944 | D:6      | Gained mutation: You have a pair of small antennae on your
                  | head. [demonic ancestry]
  5944 | D:6      | Reached XP level 9. HP: 47/56 MP: 14/14
  6339 | D:6      | Found a transporter.
  6343 | D:6      | Found a transporter.
  6416 | D:6      | Found a radiant altar of Vehumet.
  6419 | D:6      | Found an opulent altar of Gozag.
  6422 | D:6      | Found a sparkling altar of Nemelex Xobeh.
  6425 | D:6      | Found a glowing silver altar of Zin.
  6711 | D:7      | Reached skill level 9 in Short Blades
  7089 | D:7      | Reached *** piety under Hepliaklqana
  7211 | D:7      | Reached skill level 1 in Dodging
  7215 | D:7      | Found a shimmering blue altar of Sif Muna.
  7351 | D:7      | You fall into a shaft and drop 1 floor!
  8143 | D:8      | Noticed a seven-headed hydra
  8158 | D:8      | Killed a seven-headed hydra
  8158 | D:8      | Reached skill level 10 in Short Blades
  8158 | D:8      | Reached XP level 10. HP: 60/63 MP: 16/16
  8231 | D:8      | HP: 1/63 [poisoned by a killer bee]
  8232 | D:8      | Succumbed to a killer bee's poison

Levels and vault maps discovered:
D:1:      dpeg_arrival_shrine, layout_loops_ring, minmay_liquid_box
D:2:      layout_loops_ring, marbit_many_paths, st_stairs_5,
          minmay_pentomino_v4, uniq_crazy_yiuf_cottage
D:3:      layout_loops_corners, gammafunk_temple_overflow_arena, first_ration
D:4:      cheibrodos_old_hovel, layout_basic, yredelemnul_altar_generic,
          chequers_jeans
D:5:      layout_basic, tgw_xom
D:6:      layout_basic, grunt_temple_overflow_cloverleaf,
          minmay_temple_entry_stoned_glass, serial_shops, shop,
          gammafunk_ghost_hive
D:7:      layout_loops_corners, led_sif_pool
D:8:      layout_basic, david_nohive_1
Temple:   cyrus_circular_temple

Skill      XL: |  1  2  3  4  5  6  7  8  9 10 |
---------------+-------------------------------+-----
Long Blades    | 2 3 |  3.8
Short Blades   | 1 2 4 5 6 8 10 | 10.2
Invocations    | 1 3 5 7 9 |  9.4
Armour         | 4 |  4.3
Dodging        | 2 3 |  3.2
Fighting       | |  3.0
Shields        | |  2.6

Action                   |  1- 3 |  4- 6 |  7- 9 | 10-12 || total
-------------------------+-------+-------+-------+-------++-------
Melee: Long sword        |    33 |       |       |       ||    33
       Short sword       |    65 |   148 |   390 |    20 ||   623
Invok: Recall Ancestor   |       |     1 |     2 |       ||     3
       Ancestor Life: Kn |       |       |     1 |       ||     1
Evoke: Wand              |       |       |     1 |       ||     1
  Use: Potion            |       |       |       |     3 ||     3
 Stab: Distracted        |       |       |     1 |       ||     1
       Betrayed ally     |       |       |     1 |       ||     1
  Eat: Chunk             |     1 |     8 |    15 |     1 ||    25
Armor: Scale mail        |    53 |       |       |       ||    53
       Ring mail         |     5 |    40 |   127 |    14 ||   186
Dodge: Dodged            |    26 |    28 |    84 |    22 ||   160
Block: Shield            |    42 |    55 |   108 |    19 ||   224
       Rpst.: Long sword |     4 |       |       |       ||     4

Table legend:
 A = Non-vault XP
 B = Vault XP
 C = Vault XP percentage of total XP
 D = Non-vault monster count
 E = Vault monster count
 F = Vault count percentage of total count
                 A         B        C        D         E       F
            +---------+---------+-------+---------+---------+-------
      Total |    5769 |     794 |  12.1 |     188 |      20 |   9.6
            +---------+---------+-------+---------+---------+-------
        D:1 |      82 |       0 |   0.0 |      33 |       0 |   0.0
        D:2 |     135 |      55 |  28.9 |      19 |       8 |  29.6
        D:3 |     212 |      43 |  16.9 |      25 |       4 |  13.8
        D:4 |     375 |       3 |   0.8 |       9 |       1 |  10.0
        D:5 |     594 |       0 |   0.0 |      17 |       0 |   0.0
        D:6 |    1622 |       0 |   0.0 |      42 |       0 |   0.0
        D:7 |     911 |       0 |   0.0 |      21 |       0 |   0.0
        D:8 |    1838 |     693 |  27.4 |      22 |       7 |  24.1
            +---------+---------+-------+---------+---------+-------
